 Dungeon Crawl Stone Soup version 0.28-a0-500-g121bc3e445 (webtiles) character file.

Game seed: 13275939971924967982

6185 Rennog the Fighter (level 10, -4/86 HPs)
             Began as a Demonspawn Fighter on Sept 20, 2021.
             Was a Priest of Makhleb.
             Slain by a boulder beetle (11 damage)
             ... on level 10 of the Dungeon.
             The game lasted 00:13:17 (10681 turns).

Rennog the Fighter (Demonspawn Fighter)            Turns: 10681, Time: 00:13:19

Health: -4/86      AC: 14    Str: 20    XL:     10   Next: 60%
Magic:  0/10       EV:  9    Int: 11    God:    Makhleb [***...]
Gold:   593        SH:  4    Dex: 13    Spells: 9/9 levels left

rFire   . . .      SeeInvis .   G - +5 long sword (freeze)
rCold   . . .      Faith    .   c - +0 buckler
rNeg    + . .      Spirit   +   q - +0 chain mail
rPois   .          Reflect  .   k - +0 helmet of Entazyas {Str+2}
rElec   .          Harm     .   C - +0 cloak
rCorr   .          Rampage  .   (no gloves)
Will    .....                   (no boots)
Stlth   ..........              B - amulet of guardian spirit
HPRegen 0.24/turn               n - ring of positive energy
MPRegen 0.12/turn               (no ring)

@: about to teleport
A: hooves 2, thin metallic scales 1, foul stench 2, spiny 2
a: Renounce Religion, Minor Destruction, Lesser Servant of Makhleb


You were on level 10 of the Dungeon.
You worshipped Makhleb.
Makhleb was most pleased with you.
You visited 2 branches of the dungeon, and saw 11 of its levels.

You collected 593 gold pieces.

Inventory:

Hand Weapons
 a - a +0 rapier
 G - a +5 long sword of freezing (weapon)
Missiles
 z - a throwing net (quivered)
Armour
 b - a +0 scale mail
 c - a +0 buckler (worn)
 k - the +0 helmet of Entazyas (worn) {Str+2}
   (You took it off Robin on level 2 of the Dungeon)

   Str:       It affects your strength (+2).
 q - a +0 chain mail (worn)
 C - a +0 cloak (worn)
Jewellery
 n - a ring of positive energy (left hand)
 s - a ring of positive energy
 B - an amulet of guardian spirit (around neck)
Wands
 E - a wand of acid (6)
 H - a wand of polymorph (10)
 K - a wand of paralysis (9)
 L - a wand of mindburst (15)
Scrolls
 d - 2 scrolls of teleportation
 e - 3 scrolls of vulnerability {unknown}
 f - 6 scrolls of identify
 i - 3 scrolls of noise {unknown}
 l - 4 scrolls of enchant armour {unknown}
 m - 3 scrolls of magic mapping {unknown}
 r - a scroll of amnesia {unknown}
 y - a scroll of holy word {unknown}
 A - a scroll of acquirement {unknown}
 F - 2 scrolls of torment {unknown}
 I - a scroll of immolation {unknown}
 J - a scroll of fear {unknown}
Potions
 g - 2 potions of attraction {unknown}
 h - 2 potions of lignification {unknown}
 j - 2 potions of berserk rage {unknown}
 o - a potion of brilliance {unknown}
 p - 2 potions of haste
 t - a potion of degeneration {unknown}
 u - a potion of might
 v - a potion of flight {unknown}
 w - 2 potions of curing {unknown}
 x - 2 potions of cancellation {unknown}
 D - a potion of heal wounds {unknown}
Miscellaneous
 M - a lightning rod (4/4)


   Skills:
 - Level 10.5 Fighting
 - Level 1.7(5.4) Short Blades
 * Level 8.2(8.3) Long Blades
 - Level 5.4 Armour
 - Level 6.3 Dodging
 - Level 2.6 Shields


You had 9 spell levels left.
You didn't know any spells.
Your spell library contained the following spells:

 Spells                   Type           Power      Damage    Failure   Level
 Fulminant Prism          Conj/Hex       0%         3d6       100%        4
 Iskenderun's Mystic Bla  Conj/Tloc      0%         2d3       100%        4
 Lee's Rapid Deconstruct  Erth           0%         3d5*      100%        5


Dungeon Overview and Level Annotations

Branches:
Dungeon (10/15)            Temple (1/1) D:5             Orc (0/2) D:9
   Lair: D:8-11

Altars:
Hepliaklqana
Makhleb
Nemelex Xobeh
The Shining One

Shops:
D:8 :

Annotations:
D:8 Gastronok, Maggie
D:9 1 runed translucent door


Innate Abilities, Weirdness & Mutations

You have hoof-like feet.
You are partially covered in thin metallic scales. (AC +2)
You sometimes emit foul miasma when damaged in melee.
You are mostly covered in sharp spines.


Message History

You hit the centaur warrior. You freeze the centaur warrior.
The centaur warrior is heavily wounded.
The centaur warrior is engulfed in dark miasma.
The centaur warrior looks as sick as possible!
The centaur warrior seems to slow down.
The centaur warrior hits you but does no damage.
The centaur warrior kicks you but does no damage.
You slash the centaur warrior! You freeze the centaur warrior.
You kick the centaur warrior.
The centaur warrior is severely wounded.
The centaur warrior is engulfed in dark miasma.
The centaur warrior looks as sick as possible!
The centaur warrior seems to slow down.
The centaur warrior closely misses you.
The centaur warrior kicks you but does no damage.
You slash the boulder beetle! You freeze the boulder beetle.
The boulder beetle is moderately wounded.
The centaur warrior is engulfed in dark miasma.
The centaur warrior looks as sick as possible!
The centaur warrior seems to slow down.
You kill the centaur warrior!
Makhleb accepts your kill. The boulder beetle bites you!!
Your Long Blades skill increases to level 8!
You slash the boulder beetle! You freeze the boulder beetle.
You kick the boulder beetle, but do no damage.
The boulder beetle is heavily wounded.
The boulder beetle barely misses you.
The centaur warrior simulacrum hits you.
The centaur warrior simulacrum freezes you!!
* * * LOW HITPOINT WARNING * * *
The centaur warrior simulacrum kicks you but does no damage.
As you read the scroll of teleportation, it crumbles to dust.
You feel strangely unstable.
The centaur warrior simulacrum is struck by your spines.
The centaur warrior simulacrum hits you but does no damage.
The centaur warrior simulacrum closely misses you.
The boulder beetle bites you!!
* * * LOW HITPOINT WARNING * * *
The boulder beetle bites you!
You die...

#.# #.....# #.#
####.###.##.#.#.#
............##.#
####...........#
#####.#####.## #.#
#...#########.
#.####...##........
..#.........######..#
(.......B@...........
#########Z#########+##
#.###)#####
#..'..#○..#
#.##..'.B.#
+..#.)°####Z..
####...°cZ.c⌠.
#...####... +...#


You could see a boulder beetle and a centaur warrior simulacrum.

Vanquished Creatures
  A centaur warrior (D:10)
  2 hornets
  Grinder (D:4)
  Sigmund (D:3)
  2 shadows
  A vampire (D:10)
  A wyvern (D:8)
  Edmund (D:5)
  An acid dragon (D:9)
  3 water moccasins (D:7)
  2 orc warriors
  3 ice beasts
  A hornet zombie (D:7)
  A necrophage (D:5)
  An ogre (D:7)
  A centaur (D:6)
  2 phantoms
  A kobold brigand (D:7)
  5 bullfrogs
  A wyvern zombie (D:5)
  6 killer bees (D:9)
  6 troll zombies (D:9)
  11 wights
  An electric eel (D:7)
  A howler monkey (D:8)
  2 bullfrog zombies (D:5)
  A centaur zombie (D:8)
  6 orc priests
  A bullfrog skeleton (D:4)
  2 centaur skeletons
  2 gnoll shamans
  4 hounds
  4 iguanas
  5 orc wizards
  2 ogre zombies (D:9)
  A hound skeleton (D:4)
  Robin (D:2)
  A howler monkey zombie (D:6)
  12 gnolls
  3 adders
  2 white imps (D:6)
  2 ufetubi
  2 worms
  2 dart slugs
  30 orcs
  4 ball pythons
  7 bats
  7 endoplasms
  4 giant cockroaches
  23 goblins
  10 hobgoblins
  13 jackals
  A quokka (D:4)
  A frilled lizard (D:1)
  2 goblin skeletons (D:9)
  2 goblin zombies (D:9)
  2 hobgoblin skeletons (D:9)
  3 hobgoblin zombies (D:9)
  11 kobolds
  3 orc skeletons (D:9)
  13 orc zombies (D:9)
  5 rats
253 creatures vanquished.

Notes
Turn   | Place    | Note
-------+----------+-------------------------------------------
     0 | D:1      | Rennog the Demonspawn Fighter began the quest for the Orb.
     0 | D:1      | Reached XP level 1. HP: 18/18 MP: 1/1
   106 | D:1      | Gained mutation: You may rarely emit foul miasma when
                  | damaged in melee. [demonic ancestry]
   106 | D:1      | Reached XP level 2. HP: 24/24 MP: 2/2
   419 | D:1      | Reached skill level 1 in Dodging
   817 | D:1      | Gained mutation: You have large cloven feet. [demonic
                  | ancestry]
   817 | D:1      | Reached XP level 3. HP: 30/30 MP: 3/3
  1019 | D:2      | Reached skill level 4 in Fighting
  1164 | D:2      | Identified the +0 helmet of Entazyas {Str+2}
  1164 | D:2      | Noticed Robin
  1210 | D:2      | Killed Robin
  1211 | D:2      | Reached XP level 4. HP: 4/38 MP: 4/4
  2572 | D:3      | Noticed Sigmund
  2608 | D:2      | Reached skill level 5 in Fighting
  2610 | D:2      | Gained mutation: You sometimes emit foul miasma when
                  | damaged in melee. [demonic ancestry]
  2610 | D:2      | Reached XP level 5. HP: 10/44 MP: 5/5
  3344 | D:4      | Found a sparkling altar of Nemelex Xobeh.
  3561 | D:4      | Noticed Grinder
  3783 | D:4      | Gained mutation: You are partially covered in sharp spines.
                  | [demonic ancestry]
  3783 | D:4      | Reached XP level 6. HP: 52/52 MP: 6/6
  3808 | D:4      | Found a hazy altar of Hepliaklqana.
  3881 | D:4      | Paralysed by Grinder for 3 turns
  3900 | D:4      | Killed Grinder
  3901 | D:4      | Reached skill level 6 in Fighting
  4172 | D:4      | Gained mutation: You are partially covered in thin metallic
                  | scales. (AC +2) [demonic ancestry]
  4172 | D:4      | Reached XP level 7. HP: 59/59 MP: 7/7
  4272 | D:5      | Entered Level 5 of the Dungeon
  4286 | D:5      | Reached skill level 7 in Fighting
  4759 | D:5      | Reached skill level 8 in Fighting
  4889 | D:5      | Reached XP level 8. HP: 63/68 MP: 8/8
  5043 | D:5      | Found a burning altar of Makhleb.
  5099 | D:5      | Became a worshipper of Makhleb the Destroyer
  5118 | D:5      | Found a staircase to the Ecumenical Temple.
  5189 | D:5      | Noticed Edmund
  5213 | D:5      | Killed Edmund
  5731 | D:3      | Killed Sigmund
  5977 | D:6      | Noticed a kobold demonologist
  5985 | D:6      | Noticed a sixfirhy
  5989 | D:6      | Noticed a smoke demon
  6232 | Temple   | Entered the Ecumenical Temple
  6310 | D:6      | Reached skill level 5 in Dodging
  6433 | D:6      | Reached skill level 9 in Fighting
  6798 | D:7      | Reached * piety under Makhleb
  6931 | D:7      | Gained mutation: You have hoof-like feet. [demonic
                  | ancestry]
  6931 | D:7      | Reached XP level 9. HP: 71/77 MP: 9/9
  7005 | D:7      | Paralysed by a hornet for 2 turns
  7348 | D:7      | Reached skill level 10 in Fighting
  7352 | D:7      | Reached skill level 5 in Armour
  8317 | D:8      | Noticed Maggie
  8374 | D:8      | Noticed Gastronok
  8376 | D:8      | Reached skill level 1 in Long Blades
  9101 | D:9      | Gained mutation: You are mostly covered in sharp spines.
                  | [demonic ancestry]
  9101 | D:9      | Reached XP level 10. HP: 75/86 MP: 8/10
  9238 | D:9      | Reached ** piety under Makhleb
  9286 | D:9      | Reached skill level 5 in Long Blades
  9425 | D:9      | Found a staircase to the Orcish Mines.
  9473 | D:9      | Reached *** piety under Makhleb
  9920 | D:9      | Found a runed translucent door.
  9925 | D:9      | Noticed a sixfirhy
 10350 | D:8      | Found Habbouk's Book Shop.
 10470 | D:10     | Entered Level 10 of the Dungeon
 10663 | D:10     | Noticed a centaur warrior
 10663 | D:10     | Noticed a boulder beetle
 10678 | D:10     | Killed a centaur warrior
 10681 | D:10     | Slain by a boulder beetle

Illustrated notes

Levels and vault maps discovered:
D:1:      amcnicky_arrival_gap_in_the_tavern_cellar, layout_basic
D:2:      layout_loops_corners, uniq_robin
D:3:      layout_rooms, serial_co_window_serial, co_window_paths_a,
          co_window_paths_b, co_window_paths_b, co_window_corner_a,
          co_window_paths_a, co_window_of_opportunity_a, co_window_paths_a,
          co_window_paths_c, co_window_broadway_a, co_window_unsneaky_path_b,
          co_window_2corner, co_window_broadway_a, co_window_corner_cb,
          co_window_broadway_b, co_window_4corner_a, glass_columns_a,
          glass_columns_a, uniq_sigmund
D:4:      layout_rooms, mainiacjoe_overflow_surrounded_room,
          mainiacjoe_overflow_alcove_4, uniq_grinder
D:5:      layout_basic, jmf_multi_god_temple, minmay_temple_entry_statues,
          grunt_decor_resistance, chequers_garden, uniq_edmund
D:6:      layout_cave_pools
D:7:      layout_basic, minivault_4, solitary_fountain,
          hangedman_abyss_or_decor_passed
D:8:      layout_basic, serial_shops, shop, hex_large, st_stairs_9,
          uniq_gastronok, uniq_maggie
D:9:      cheibrodos_shockbox, layout_basic, zombieorc2_lemuel
D:10:     minmay_the_grid_4x2 [minmay_the_grid_slots, minmay_the_grid_box_x,
          minmay_the_grid_tri_star, minmay_the_grid_odd_star,
          minmay_the_grid_tree, minmay_the_grid_doors,
          minmay_the_grid_pillar_ring, minmay_the_grid_prize_four_corners],
          layout_loops_ring, lair_entry_dummy
Temple:   dpeg_five_rooms_temple

Skill      XL: |  1  2  3  4  5  6  7  8  9 10 |
---------------+-------------------------------+-----
Dodging        | 1 2 3 4 5 6 |  6.3
Fighting       | 4 5 6 8 9 10 | 10.5
Armour         | 3 4 5 |  5.4
Long Blades    | 4 8 |  8.2
Short Blades   | |  1.7
Shields        | |  2.6

Action                   |  1- 3 |  4- 6 |  7- 9 | 10-12 || total
-------------------------+-------+-------+-------+-------++-------
Melee: Rapier            |   107 |   176 |   231 |       ||   514
       Kick              |     8 |    40 |    94 |    46 ||   188
       Long sword        |       |       |    43 |   131 ||   174
  Use: Potion            |       |     1 |       |       ||     1
       Scroll            |       |       |     3 |     1 ||     4
Armor: Scale mail        |    47 |    89 |       |       ||   136
       Chain mail        |       |    12 |   131 |    60 ||   203
Dodge: Dodged            |    48 |   127 |   131 |    65 ||   371
Block: Buckler           |    15 |    43 |    68 |    39 ||   165

Table legend: (Time is in decaauts)
 A = Elapsed time spent in this place.
 B = Non-inter-level travel time spent in this place.
 C = Inter-level travel time spent in this place.
 D = Time resting spent in this place.
 E = Time spent auto-exploring this place.
 F = Levels seen in this place.
 G = Mean time per level.
                   A        B        C        D        E       F      G
               +--------+--------+--------+--------+--------+-----+--------+
         Total |  10796 |  10162 |    634 |    814 |   7651 |  11 |  981.5 |
       Dungeon |  10794 |  10160 |    634 |    814 |   7651 |  10 | 1079.4 |
        Temple |      1 |      1 |      0 |      0 |      0 |   1 |    1.0 |
               +--------+--------+--------+--------+--------+-----+--------+

Top non-repeatable levels by time:
     D:2: 1689 daAuts
     D:7: 1551 daAuts
     D:5: 1458 daAuts
     D:9: 1230 daAuts
     D:4: 1102 daAuts
     D:3: 1096 daAuts
     D:1: 1008 daAuts
     D:8: 942 daAuts
     D:6: 503 daAuts
    D:10: 211 daAuts
  Temple: 1 daAuts
